 Dungeon Crawl Stone Soup version 0.27-a0-1384-g1422d76b99 (webtiles) character file.

Game seed: 7665374976784668534

475 wakim the Ruffian (level 6, -12/88 HPs)
             Began as a Troll Berserker on June 30, 2021.
             Was a Believer of Trog.
             Mangled by Pikel (18 damage)
             ... on level 4 of the Dungeon.
             The game lasted 00:09:52 (3425 turns).

wakim the Ruffian (Troll Berserker)                 Turns: 3425, Time: 00:09:52

Health: -12/88     AC:  5    Str: 27    XL:     6   Next: 84%
Magic:  5/5        EV:  8    Int:  4    God:    Trog [**....]
Gold:   175        SH:  9    Dex:  9    Spells: 5/5 levels left

rFire    . . .     SeeInvis .     - Unarmed
rCold    . . .     Faith    .   d - +0 kite shield
rNeg     . . .     Spirit   .   a - +0 animal skin
rPois    +         Reflect  .   (helmet restricted)
rElec    .         Harm     .   l - +0 cloak
rCorr    .         Rampage  .   (gloves unavailable)
Will     ++...                  (boots unavailable)
Stlth    ..........             (no amulet)
HPRegen  2.24/turn              k - ring of poison resistance
MPRegen  0.09/turn              (no ring)

@: berserking (expiring), strong-willed, regenerating, very quick
A: large, unfitting armour, claws 3, regeneration 1, shaggy fur 1, tough skin 1
a: Renounce Religion, Berserk, Trog's Hand


You were on level 4 of the Dungeon.
You worshipped Trog.
Trog was pleased with you.
You visited 1 branch of the dungeon, and saw 4 of its levels.

You collected 175 gold pieces.

Inventory:

Missiles
 e - 2 throwing nets (quivered) {=f!f}
Armour
 a - a +0 animal skin (worn)
 d - a +0 kite shield (worn)
 l - a +0 cloak (worn)
Jewellery
 f - a ring of ice
 k - a ring of poison resistance (left claw)
Scrolls
 R - a scroll of magic mapping {!r}
 T - 6 scrolls of teleportation
 X - a scroll of fog
 Y - 2 scrolls of blinking {!r}
Potions
 b - a potion of degeneration {unknown}
 c - 3 potions of haste {unknown}
 g - a potion of ambrosia {unknown}
 i - 2 potions of heal wounds {unknown}
 n - a potion of lignification {unknown}
 q - a potion of might {unknown}
 r - a potion of brilliance {unknown}
 B - 3 potions of attraction {!q}


   Skills:
 - Level 2.4 Fighting
 + Level 3.6 Dodging
 * Level 3.4 Shields
 * Level 5.5 Unarmed Combat


You had 5 spell levels left.
You didn't know any spells.
Your spell library was empty.

Dungeon Overview and Level Annotations

Branches:
Dungeon (4/15)
 Temple: D:4-7

Altars:
Ashenzari
Makhleb
Vehumet
Yredelemnul

Annotations:
D:3 2 transporters, sanka's ghost, amateur DjAr
D:4 Pikel


Innate Abilities, Weirdness & Mutations

You are too large for most types of armour.
You have claws for hands.
Your natural rate of healing is unusually fast.
You are covered in fur. (AC +1)
You have tough skin. (AC +1)


Message History

Pikel hits you with a +1 whip of electrocution.
Pikel hits you with a +1 whip of electrocution!
You are electrocuted!
You claw Pikel!
Pikel is severely wounded.
Pikel hits you with a +1 whip of electrocution.
You are electrocuted!!
* * * LOW HITPOINT WARNING * * *
A red film seems to cover your vision as you go berserk!
You feel yourself moving faster!
You feel mighty!
Pikel hits you with a +1 whip of electrocution.
* * * LOW HITPOINT WARNING * * *
You scratch Pikel but do no damage.
Pikel is severely wounded.
You barely miss Pikel.
Pikel is severely wounded.
Pikel hits you but does no damage.
You barely miss Pikel.
Pikel is severely wounded.
You block Pikel's attack.
You closely miss Pikel.
Pikel is severely wounded.
Pikel hits you but does no damage.
You are electrocuted!
* * * LOW HITPOINT WARNING * * *
You completely miss Pikel.
Pikel is severely wounded.
You claw Pikel!
Pikel is almost dead.
Pikel hits you with a +1 whip of electrocution!
* * * LOW HITPOINT WARNING * * *
You closely miss Pikel.
Pikel is almost dead.
You block Pikel's attack.
You barely miss Pikel.
Pikel is almost dead.
Pikel hits you with a +1 whip of electrocution.
* * * LOW HITPOINT WARNING * * *
You are electrocuted!!
You die...

########
##########################.......
......................)....######
#########################..#
#############.....######
..5555K@....'...........
#############...#[###.##
#...#..##.# #...#..##.#
#...#.....# #...##.#### #...##..#
#..)###[## ####### #####...# #..#


You could see Pikel and 4 lemures.

Vanquished Creatures
  An ogre (D:4)
  A phantom (D:4)
  A scorpion (D:4)
  A crimson imp (D:3)
  2 orc wizards (D:4)
  7 gnolls (D:4)
  3 adders
  A worm (D:3)
  A dart slug (D:3)
  5 orcs
  6 endoplasms
  5 giant cockroaches
  10 goblins
  4 hobgoblins
  3 ball pythons
  8 bats
  2 frilled lizards (D:1)
  11 kobolds
  4 rats (D:2)
  A spectral orc (D:3)
77 creatures vanquished.

Vanquished Creatures (others)
  6 plants (D:3)
6 creatures vanquished.

Grand Total: 83 creatures vanquished

Notes
Turn   | Place    | Note
-------+----------+-------------------------------------------
     0 | D:1      | wakim the Troll Berserker began the quest for the Orb.
     0 | D:1      | Reached XP level 1. HP: 22/22 MP: 0/0
   262 | D:1      | Reached XP level 2. HP: 29/29 MP: 1/1
   993 | D:2      | Found a faded altar of an unknown god.
  1203 | D:2      | Reached ** piety under Trog
  1204 | D:2      | Reached XP level 3. HP: 36/36 MP: 2/2
  1267 | D:2      | Reached skill level 1 in Shields
  1341 | D:2      | Found a basalt altar of Yredelemnul.
  1785 | D:3      | Reached skill level 4 in Unarmed Combat
  1834 | D:3      | Reached XP level 4. HP: 44/44 MP: 3/3
  2029 | D:3      | Found a transporter.
  2034 | D:3      | Found a transporter.
  2185 | D:3      | Noticed sanka's ghost (amateur DjAr)
  2188 | D:3      | Identified the +2 spear of the Fulmar {vamp, Dex+4}
  2568 | D:3      | Found a basalt altar of Yredelemnul.
  2651 | D:3      | Found a burning altar of Makhleb.
  2651 | D:3      | Found a radiant altar of Vehumet.
  2797 | D:4      | Reached XP level 5. HP: 24/50 MP: 4/4
  2932 | D:4      | Noticed a phantom
  2943 | D:4      | Killed a phantom
  2944 | D:4      | Reached skill level 5 in Unarmed Combat
  2944 | D:4      | Reached XP level 6. HP: 42/59 MP: 5/5
  3211 | D:4      | Found a broken altar of Ashenzari.
  3408 | D:4      | Noticed Pikel
  3425 | D:4      | Mangled by Pikel

Illustrated notes

Levels and vault maps discovered:
D:1:      ebering_trefoil_3fold, layout_loops_corners, supply_closet_lemuel
D:2:      layout_basic, ebering_ecumenical_altar_webs, basic_altar
D:3:      layout_basic, grunt_temple_overflow_lords_of_destruction,
          yredelemnul_forgotten_temple_becter, gammafunk_ghost_gnarly_gnolls,
          minmay_misc_feat_chi, dk_vineyard_3
D:4:      layout_basic, general_overflow_altar, uniq_pikel

Skill      XL: |  1  2  3  4  5  6 |
---------------+-------------------+-----
Shields        | 1 2 3 |  3.4
Unarmed Combat | 4 5 |  5.5
Dodging        | 3 |  3.6
Fighting       | |  2.4

Action                   |  1- 3 |  4- 6 || total
-------------------------+-------+-------++-------
Melee: Unarmed           |   106 |   135 ||   241
Invok: Trog's Hand       |       |     3 ||     3
       Berserk           |       |     2 ||     2
  Use: Scroll            |     1 |     7 ||     8
 Stab: Sleeping          |       |     1 ||     1
Armor: Animal skin       |    42 |    46 ||    88
Dodge: Dodged            |    34 |    31 ||    65
Block: Kite shield       |    26 |    51 ||    77

Table legend: (Time is in decaauts)
 A = Elapsed time spent in this place.
 B = Non-inter-level travel time spent in this place.
 C = Inter-level travel time spent in this place.
 D = Time resting spent in this place.
 E = Time spent auto-exploring this place.
 F = Levels seen in this place.
 G = Mean time per level.
                   A        B        C        D        E       F      G
               +--------+--------+--------+--------+--------+-----+--------+
         Total |   3472 |   3403 |     69 |    132 |   2578 |   4 |  868.0 |
       Dungeon |   3472 |   3403 |     69 |    132 |   2578 |   4 |  868.0 |
               +--------+--------+--------+--------+--------+-----+--------+

Top non-repeatable levels by time:
     D:3: 1233 daAuts
     D:1: 945 daAuts
     D:2: 659 daAuts
     D:4: 635 daAuts
